 Dungeon Crawl Stone Soup version 0.27-a0-972-gd1521fd518 (webtiles) character file.

Game seed: 9496567438098927718

2802 robertstho the Cleaver (level 9, -5/82 HPs)
             Began as a Minotaur Berserker on Apr 13, 2021.
             Was a High Priest of Trog.
             Slain by a death yak (10 damage)
             ... on level 8 of the Dungeon.
             The game lasted 00:08:42 (9127 turns).

robertstho the Cleaver (Minotaur Berserker)         Turns: 9127, Time: 00:08:45

Health: -5/82      AC:  9    Str: 24    XL:     9   Next: 44%
Magic:  8/8        EV: 11    Int:  5    God:    Trog [*****.]
Gold:   319        SH:  0    Dex: 10    Spells: 8/8 levels left

rFire    . . .     SeeInvis .   H - +2 executioner's axe (vorpal)
rCold    . . .     Faith    .   (shield currently unavailable)
rNeg     . . .     Spirit   .   r - +0 scale mail {rPois}
rPois    +         Reflect  .   (helmet restricted)
rElec    .         Harm     .   x - +0 cloak
rCorr    .         Rampage  .   (no gloves)
Will     .....                  (no boots)
Stlth    ..........             (no amulet)
HPRegen  0.23/turn              (no ring)
MPRegen  0.11/turn              (no ring)

@: no status effects
A: horns 2, retaliatory headbutt
a: Renounce Religion, Berserk, Trog's Hand, Brothers in Arms


You were on level 8 of the Dungeon.
You worshipped Trog.
Trog was extremely pleased with you.
You visited 1 branch of the dungeon, and saw 8 of its levels.
You also visited: Sewer.

You collected 319 gold pieces.

Inventory:

Hand Weapons
 a - a +0 hand axe
 z - the +5 quarterstaff of Victory {venom, Int+3}
   (You took it off an orc on level 5 of the Dungeon)

   It poisons the flesh of those it strikes.
   It affects your intelligence (+3).
 H - a +2 vorpal executioner's axe (weapon)
Missiles
 e - a curare-tipped dart
 h - 7 atropa-tipped darts
Armour
 c - a +0 buckler
 r - a +0 scale mail of poison resistance (worn)
 x - a +0 cloak (worn)
Jewellery
 C - a ring of positive energy
Wands
 w - a wand of digging (5)
 D - a wand of polymorph (9)
 G - a wand of flame (20)
Scrolls
 b - a scroll of amnesia {unknown}
 d - a scroll of teleportation
 g - 5 scrolls of vulnerability {unknown}
 k - 2 scrolls of torment {unknown}
 l - a scroll of fog {unknown}
 m - 2 scrolls of magic mapping {unknown}
 t - 2 scrolls of immolation {unknown}
 v - a scroll of noise {unknown}
 y - 2 scrolls of fear {unknown}
 E - 2 scrolls of identify
 F - a scroll of enchant armour {unknown}
Potions
 f - a potion of ambrosia
 i - 2 potions of haste {unknown}
 j - 2 potions of heal wounds {unknown}
 n - a potion of might {unknown}
 o - a potion of magic {unknown}
 p - a potion of lignification {unknown}
 q - 3 potions of degeneration {unknown}
 s - 2 potions of curing
 u - 2 potions of attraction {unknown}
 A - a potion of flight
 B - a potion of mutation


   Skills:
 * Level 8.5 Fighting
 + Level 9.5 Axes
 * Level 9.3 Armour
 + Level 4.3 Dodging
 + Level 1.2 Stealth
 + Level 1.6 Shields


You had 8 spell levels left.
You didn't know any spells.
Your spell library was empty.

Dungeon Overview and Level Annotations

Branches:
Dungeon (8/15)             Temple (0/1) D:6           Sewer (visited)
   Lair: D:8-11

Altars:
Elyvilon
Qazlal
Sif Muna
Wu Jian

Shops:
D:5 =


Innate Abilities, Weirdness & Mutations

You have a pair of horns on your head.
You reflexively headbutt those who attack you in melee.


Message History

A killer bee simulacrum comes into view.
The electric eel shoots out a bolt of lightning at you!
The bolt of electricity misses you. The ufetubus barely misses you.
The ufetubus hits you but does no damage.
You barely miss the ufetubus. Your headbutt misses the ufetubus.
The ufetubus hits you but does no damage.
The ufetubus hits you. The ufetubus barely misses you.
The ufetubus hits you but does no damage. x2
The ufetubus barely misses you.
The electric eel shoots out a bolt of lightning at you!
The bolt of electricity hits the ufetubus.
The bolt of electricity hits you! The ufetubus barely misses you.
The ufetubus hits you but does no damage.
Found 8 gold pieces.
The ufetubus barely misses you. You furiously retaliate!
You headbutt the ufetubus!
You kill the ufetubus!
Trog accepts your kill.
Found 15 gold pieces.
You see here 8 gold pieces.
You now have 319 gold pieces (gained 8).
Your scale mail prevents you from hitting the death yak.
You headbutt the death yak.
The death yak is lightly wounded.
The death yak gores you.
You slice the death yak!!
The death yak is moderately wounded.
The death yak gores you!
The death yak gores you but does no damage.
You slice the death yak!! Your headbutt misses the death yak.
The death yak is severely wounded.
The death yak gores you!!
You slice the death yak!!
The death yak is almost dead.
The death yak snorts and paws the ground.
The death yak gores you!!
* * * LOW HITPOINT WARNING * * *
The death yak gores you!
You die...

. ##.#.#..# ##.
.###.......# ...
...........## ..
####..#.#.... ..
#.......## #. #..#.#..#
######. #.......#
.......#########.......#
#$.....@YZ...........##
...############.#######
#######.####
.......Y...#
.....≈≈≈...#
≈≈≈≈≈.≈..≈...#
....≈;...≈.###
.∩...≈≈≈...#
...≈...≈≈≈≈.


You could see a death yak and a killer bee simulacrum.

Vanquished Creatures
  A polar bear (D:8)
  Prince Ribbit (D:7)
  A yak (D:8)
  A water moccasin (D:6)
  2 sky beasts (D:5)
  A black bear (D:6)
  An ice beast (D:5)
  An ogre (D:6)
  A phantom (D:5)
  Blork the orc (D:4)
  A kobold brigand (D:3)
  2 scorpions (D:7)
  A bullfrog (D:7)
  A wyvern skeleton (D:7)
  2 jellies
  5 wights (D:6)
  2 centaur zombies
  A bullfrog zombie (D:6)
  Crazy Yiuf (D:4)
  2 bullfrog skeletons
  7 orc priests
  2 hounds (D:5)
  3 iguanas
  3 orc wizards
  A scorpion zombie (D:5)
  Robin (D:4)
  4 gnolls (D:7)
  13 adders
  A shadow imp (D:6)
  2 white imps
  An ufetubus (D:8)
  A worm (D:4)
  2 dart slugs
  39 orcs
  9 endoplasms
  4 giant cockroaches
  15 goblins
  10 hobgoblins
  10 jackals
  11 kobolds
  5 quokkas
  9 ball pythons
  5 bats
  5 frilled lizards
  3 rats
195 creatures vanquished.

Vanquished Creatures (others)
  2 plants (Sewer)
2 creatures vanquished.

Grand Total: 197 creatures vanquished

Notes
Turn   | Place    | Note
-------+----------+-------------------------------------------
     0 | D:1      | robertstho the Minotaur Berserker began the quest for the
                  | Orb.
     0 | D:1      | Reached XP level 1. HP: 19/19 MP: 0/0
    71 | D:1      | Reached XP level 2. HP: 26/27 MP: 1/1
   197 | D:1      | Found a faded altar of an unknown god.
   851 | D:2      | Reached XP level 3. HP: 34/34 MP: 2/2
   952 | D:2      | Reached ** piety under Trog
  2379 | D:3      | Found an ornate altar of the Wu Jian Council.
  2397 | D:3      | Reached XP level 4. HP: 23/41 MP: 3/3
  2639 | D:3      | Found a glowing drain.
  2643 | Sewer    | Entered a sewer
  2939 | Sewer    | Reached *** piety under Trog
  3457 | D:3      | Reached skill level 5 in Fighting
  3457 | D:3      | Reached skill level 5 in Axes
  3457 | D:3      | Reached XP level 5. HP: 48/48 MP: 4/4
  4009 | D:4      | Reached XP level 6. HP: 56/56 MP: 5/5
  4012 | D:4      | Reached skill level 1 in Stealth
  4061 | D:4      | Noticed Robin
  4076 | D:4      | Reached skill level 1 in Shields
  4078 | D:4      | Killed Robin
  4161 | D:4      | Reached **** piety under Trog
  4354 | D:4      | Found a white marble altar of Elyvilon.
  4354 | D:4      | Found a stormy altar of Qazlal.
  4676 | D:4      | Found a runed translucent door.
  4677 | D:4      | Noticed Crazy Yiuf
  5033 | D:4      | Noticed Blork the orc
  5041 | D:4      | Killed Blork the orc
  5267 | D:4      | Killed Crazy Yiuf
  5322 | D:5      | Entered Level 5 of the Dungeon
  5331 | D:5      | Reached XP level 7. HP: 46/62 MP: 6/6
  5478 | D:5      | Reached skill level 5 in Armour
  5509 | D:5      | Found Qyamarri's Jewellery Shoppe.
  5517 | D:5      | Identified the +5 quarterstaff of Victory {venom, Int+3}
  5881 | D:5      | Reached XP level 8. HP: 62/71 MP: 7/7
  6157 | D:6      | Found a staircase to the Ecumenical Temple.
  7459 | D:6      | Reached ***** piety under Trog
  7848 | D:7      | Noticed Prince Ribbit
  7875 | D:7      | Killed Prince Ribbit
  7876 | D:7      | Reached XP level 9. HP: 57/81 MP: 8/8
  8168 | D:7      | Found a shimmering blue altar of Sif Muna.
  8364 | D:7      | Received a gift from Trog
  8875 | D:8      | Noticed a polar bear
  8885 | D:8      | Killed a polar bear
  9109 | D:8      | Noticed a death yak
  9127 | D:8      | Slain by a death yak

Illustrated notes

Levels and vault maps discovered:
D:1:      minmay_arrival_radiant_lines, layout_loops_ring,
          ebering_ecumenical_altar_mist, minivault_26, st_stairs_12,
          minmay_misc_feat_roman, serial_park_tiny_pond, minmay_tromino_v7
D:2:      layout_basic
D:3:      layout_basic, general_overflow_altar, gup_sewer_entry_bowl
D:4:      layout_basic, gammafunk_temple_overflow_statue,
          mrwooster_statue_mirror, uniq_crazy_yiuf_cottage, uniq_blork_the_orc,
          uniq_robin
D:5:      lemuel_ice_spiral_2, layout_basic, serial_shops, kennysheep_mini_moat
D:6:      layout_loops_corners, minmay_temple_entry_mist
D:7:      layout_loops_ring, kennysheep_little_box,
          hangedman_decor_diamond_cutter, uniq_prince_ribbit1
D:8:      layout_basic, serial_ice, serial_ice_d, serial_ice_a, serial_ice_j,
          serial_ice_b, serial_ice_f, serial_ice_h, serial_ice_g,
          chequers_serial_rivers_small_a, chequers_serial_rivers_small_3

Skill      XL: |  1  2  3  4  5  6  7  8  9 |
---------------+----------------------------+-----
Fighting       | 4 5 6 7 8 |  8.5
Axes           | 4 5 6 7 8 9 |  9.5
Armour         | 3 4 6 8 9 |  9.3
Dodging        | 3 4 |  4.3
Stealth        | 1 |  1.2
Shields        | 1 |  1.6

Action                   |  1- 3 |  4- 6 |  7- 9 || total
-------------------------+-------+-------+-------++-------
Melee: Hand axe          |   100 |   143 |       ||   243
       Headbutt          |    15 |    17 |    25 ||    57
       Battleaxe         |       |     6 |   176 ||   182
       Executioner's axe |       |       |    37 ||    37
Invok: Berserk           |     2 |     7 |     4 ||    13
       Trog's Hand       |       |     2 |       ||     2
  Use: Potion            |       |     2 |       ||     2
       Scroll            |       |     2 |     1 ||     3
 Stab: Sleeping          |     2 |       |       ||     2
Armor: Animal skin       |    19 |     5 |       ||    24
       Scale mail        |       |    22 |   111 ||   133
Dodge: Dodged            |    61 |    77 |   134 ||   272
Block: Buckler           |    10 |    22 |       ||    32

Table legend: (Time is in decaauts)
 A = Elapsed time spent in this place.
 B = Non-inter-level travel time spent in this place.
 C = Inter-level travel time spent in this place.
 D = Time resting spent in this place.
 E = Time spent auto-exploring this place.
 F = Levels seen in this place.
 G = Mean time per level.
                   A        B        C        D        E       F      G
               +--------+--------+--------+--------+--------+-----+--------+
         Total |   9489 |   9180 |    309 |    134 |   7732 |   9 | 1054.3 |
       Dungeon |   8845 |   8536 |    309 |     80 |   7289 |   8 | 1105.6 |
         Sewer |    644 |    644 |      0 |     54 |    442 |   1 |  644.0 |
               +--------+--------+--------+--------+--------+-----+--------+

Top non-repeatable levels by time:
     D:6: 1645 daAuts
     D:2: 1545 daAuts
     D:4: 1325 daAuts
     D:3: 1197 daAuts
     D:7: 1012 daAuts
     D:1: 856 daAuts
     D:5: 846 daAuts
   Sewer: 644 daAuts
     D:8: 415 daAuts
